[ AOE2 MATCH · #462836732 ]
UnrankedCelts vs Ethiopians
[ REPLAY ANALYSIS · EXTRACTED FROM THE RECORDED GAME ]
Feudal
13:30
Castle
27:35
Imperial
47:38
| APM avg | 36.6 |
| APM peak | 104 |
| eAPM avg | 26.8 |
| Villagers / military | 160 / 192 |
Focus
⚔️ 38.4% · 🌾 61.6%
Battering Ram ×79 · Trade Cart ×74 · Woad Raider ×66 · Mangonel ×25 · Militia ×16 · Knight ×5
Feudal
14:49
Castle
19:34
Imperial
40:20
| APM avg | 19.1 |
| APM peak | 47 |
| eAPM avg | 14.5 |
| Villagers / military | 218 / 99 |
Focus
⚔️ 37.7% · 🌾 62.3%
Unknown (1959) ×438 · Spearman ×73 · Battering Ram ×21 · Militia ×5
Feudal
17:38
Castle
29:54
Imperial
—
| APM avg | 23.8 |
| APM peak | 83 |
| eAPM avg | 13.2 |
| Villagers / military | 98 / 113 |
Focus
⚔️ 19.2% · 🌾 80.8%
Militia ×55 · Spearman ×27 · Teutonic Knight ×17 · Scout Cavalry ×14
Feudal
14:11
Castle
18:43
Imperial
37:46
| APM avg | 44.0 |
| APM peak | 76 |
| eAPM avg | 26.4 |
| Villagers / military | 176 / 238 |
Focus
⚔️ 30.1% · 🌾 69.9%
Camel Archer ×79 · Trade Cart ×53 · Camel Scout ×50 · Scout Cavalry ×40 · Bombard Cannon ×30 · Knight ×20
Feudal
—
Castle
—
Imperial
—
| APM avg | 2025.6 |
| APM peak | 16953 |
| eAPM avg | 2025.2 |
| Villagers / military | 0 / 9 |
Focus
⚔️ 82.8% · 🌾 17.2%
Skirmisher ×5 · Spearman ×3 · Archer ×1
Feudal
—
Castle
—
Imperial
—
| APM avg | 734.1 |
| APM peak | 9317 |
| eAPM avg | 734.0 |
| Villagers / military | 0 / 0 |
Focus
⚔️ 93.0% · 🌾 7.0%
Feudal
—
Castle
—
Imperial
—
| APM avg | 1665.1 |
| APM peak | 16884 |
| eAPM avg | 1664.2 |
| Villagers / military | 0 / 64 |
Focus
⚔️ 85.8% · 🌾 14.2%
Skirmisher ×34 · Archer ×24 · Spearman ×4 · Monk ×2
Feudal
—
Castle
—
Imperial
—
| APM avg | 3056.6 |
| APM peak | 30682 |
| eAPM avg | 3056.0 |
| Villagers / military | 0 / 502 |
Focus
⚔️ 67.5% · 🌾 32.5%
Scout Cavalry ×245 · Boyar ×135 · Skirmisher ×47 · Battering Ram ×28 · Spearman ×25 · Monk ×9
Match map
Initial resources + every placement click. Lines = walls · curves = elevation contours. ◆ gold · ⬟ stone · ● berries · ✦ relic · ◌ wall gap
Your base· Open — 3t gap
嘉曼.扎比's base· Open — unwalled flank
往生堂堂主's base· Open — unwalled flank
我在异世界疯狂种田's base· Open — unwalled flank
's base· Open — unwalled flank
's base· Open — unwalled flank
's base· Open — unwalled flank
's base· Open — 9t gap
Smoothed initial terrain · ◌ = detected wall gap · hover for details
Inputs per minute
— Jake - - 嘉曼.扎比
Build order — Jake
First 150 of 617 actions detected
| 0:15 | Build | Town Center |
| 2:27 | Build | House |
| 2:28 | Build | House |
| 2:41 | Create | Villager (Male) |
| 2:50 | Create | Villager (Male) |
| 3:00 | Create | Villager (Male) |
| 3:18 | Create | Villager (Male) |
| 3:47 | Build | Mill |
| 3:54 | Create | Villager (Male) |
| 4:59 | Create | Villager (Male) |
| 5:19 | Create | Villager (Male) |
| 5:27 | Create | Villager (Male) |
| 5:51 | Create | Villager (Male) |
| 6:17 | Create | Villager (Male) |
| 6:23 | Build | House |
| 6:35 | Build | Palisade Wall |
| 6:37 | Build | Palisade Wall |
| 6:41 | Create | Villager (Male) |
| 6:57 | Create | Villager (Male) |
| 7:16 | Build | House |
| 7:23 | Create | Villager (Male) |
| 7:33 | Create | Villager (Male) |
| 7:58 | Create | Villager (Male) |
| 8:35 | Create | Villager (Male) |
| 9:18 | Create | Villager (Male) |
| 10:05 | Create | Villager (Male) |
| 10:06 | Create | Villager (Male) |
| 10:16 | Build | Lumber Camp |
| 10:32 | Create | Villager (Male) |
| 11:02 | Research | Feudal Age |
| 11:19 | Build | Mining Camp |
| 11:30 | Build | Mill |
| 12:39 | Build | Barracks |
| 13:05 | Create | Villager (Male) |
| 13:13 | Build | House |
| 13:30 | Age | Feudal Age |
| 13:30 | Research | Double-Bit Axe |
| 13:35 | Research | Man-at-Arms (upgrade) |
| 13:41 | Create | Militia |
| 13:44 | Create | Militia |
| 13:48 | Build | House |
| 13:55 | Create | Villager (Male) |
| 14:14 | Research | Horse Collar |
| 14:18 | Create | Villager (Male) |
| 14:44 | Build | Blacksmith |
| 14:47 | Create | Villager (Male) |
| 14:53 | Create | Militia |
| 15:10 | Create | Militia |
| 15:18 | Create | Villager (Male) |
| 15:29 | Create | Villager (Male) |
| 15:35 | Research | Scale Mail Armor |
| 15:37 | Create | Militia |
| 15:41 | Build | House |
| 16:05 | Create | Villager (Male) |
| 16:12 | Build | Farm |
| 16:15 | Create | Militia |
| 16:17 | Create | Villager (Male) |
| 16:19 | Build | House |
| 16:50 | Build | Watch Tower |
| 17:07 | Create | Militia |
| 17:09 | Create | Militia |
| 17:19 | Research | Forging |
| 17:26 | Create | Villager (Male) |
| 17:46 | Create | Militia |
| 17:49 | Research | Loom |
| 18:17 | Create | Villager (Male) |
| 18:34 | Create | Villager (Male) |
| 18:48 | Create | Militia |
| 18:48 | Create | Militia |
| 19:16 | Create | Militia |
| 19:22 | Create | Villager (Male) |
| 19:35 | Build | House |
| 19:36 | Build | House |
| 19:44 | Build | Farm |
| 19:45 | Build | Farm |
| 19:46 | Build | Farm |
| 19:47 | Create | Villager (Male) |
| 19:50 | Research | Wheelbarrow |
| 20:14 | Research | Fletching |
| 20:19 | Create | Militia |
| 20:28 | Build | Farm |
| 20:29 | Build | Farm |
| 20:30 | Build | Farm |
| 20:52 | Create | Villager (Male) |
| 21:02 | Create | Militia |
| 21:16 | Create | Villager (Male) |
| 21:21 | Build | Farm |
| 21:30 | Create | Villager (Male) |
| 21:48 | Create | Militia |
| 22:00 | Create | Villager (Male) |
| 22:05 | Build | Farm |
| 22:26 | Create | Militia |
| 22:43 | Create | Villager (Male) |
| 22:59 | Create | Villager (Male) |
| 23:07 | Create | Villager (Male) |
| 23:26 | Build | Mining Camp |
| 23:44 | Build | Farm |
| 23:56 | Create | Villager (Male) |
| 23:58 | Create | Villager (Male) |
| 24:07 | Build | Market |
| 24:15 | Research | Stone Mining |
| 24:52 | Create | Villager (Male) |
| 24:55 | Research | Castle Age |
| 27:19 | Create | Villager (Male) |
| 27:35 | Age | Castle Age |
| 27:48 | Create | Villager (Male) |
| 27:55 | Build | Castle |
| 28:12 | Build | Town Center |
| 28:13 | Create | Villager (Male) |
| 28:16 | Research | Bodkin Arrow |
| 28:26 | Research | Gold Mining |
| 28:32 | Create | Villager (Male) |
| 28:57 | Build | Farm |
| 29:00 | Create | Villager (Male) |
| 29:04 | Create | Villager (Male) |
| 29:32 | Build | Siege Workshop |
| 29:35 | Build | Lumber Camp |
| 29:37 | Create | Villager (Male) |
| 29:38 | Create | Villager (Male) |
| 29:40 | Create | Villager (Male) |
| 29:56 | Create | Villager (Male) |
| 30:01 | Build | Farm |
| 30:03 | Build | Farm |
| 30:10 | Create | Villager (Male) |
| 30:11 | Create | Villager (Male) |
| 30:26 | Create | Villager (Male) |
| 30:31 | Create | Villager (Male) |
| 30:38 | Research | Bow Saw |
| 30:47 | Create | Villager (Male) |
| 30:47 | Create | Villager (Male) |
| 31:09 | Create | Villager (Male) |
| 31:20 | Create | Battering Ram |
| 31:28 | Create | Villager (Male) |
| 31:30 | Create | Villager (Male) |
| 31:40 | Build | Town Center |
| 31:56 | Create | Villager (Male) |
| 31:56 | Create | Villager (Male) |
| 32:01 | Create | Battering Ram |
| 32:03 | Create | Villager (Male) |
| 32:26 | Research | Heavy Plow |
| 32:28 | Create | Villager (Male) |
| 32:36 | Create | Battering Ram |
| 32:40 | Create | Villager (Male) |
| 32:47 | Build | University |
| 32:51 | Create | Villager (Male) |
| 33:09 | Create | Battering Ram |
| 33:25 | Create | Villager (Male) |
| 33:26 | Create | Villager (Male) |
| 33:26 | Create | Villager (Male) |
| 33:27 | Create | Villager (Male) |
Build order — 嘉曼.扎比
First 150 of 548 actions detected
| 0:42 | Build | Town Center |
| 1:14 | Build | Palisade Wall |
| 1:38 | Build | Palisade Wall |
| 1:46 | Build | Palisade Wall |
| 1:49 | Build | Palisade Wall |
| 2:43 | Build | House |
| 4:08 | Create | Villager (Male) |
| 4:08 | Create | Villager (Male) |
| 4:08 | Create | Villager (Male) |
| 4:09 | Create | Villager (Male) |
| 4:09 | Create | Villager (Male) |
| 4:21 | Build | House |
| 5:04 | Build | House |
| 5:06 | Build | House |
| 5:35 | Create | Villager (Male) |
| 5:51 | Create | Villager (Male) |
| 6:13 | Research | Loom |
| 6:37 | Create | Villager (Male) |
| 7:16 | Create | Villager (Male) |
| 7:16 | Create | Villager (Male) |
| 7:23 | Create | Villager (Male) |
| 7:23 | Create | Villager (Male) |
| 7:54 | Create | Villager (Male) |
| 8:15 | Create | Villager (Male) |
| 9:14 | Build | House |
| 9:16 | Build | House |
| 9:21 | Create | Villager (Male) |
| 9:23 | Create | Villager (Male) |
| 9:24 | Create | Villager (Male) |
| 9:24 | Create | Villager (Male) |
| 9:24 | Create | Villager (Male) |
| 9:56 | Build | Mill |
| 10:02 | Create | Villager (Male) |
| 10:02 | Create | Villager (Male) |
| 10:02 | Create | Villager (Male) |
| 10:17 | Build | House |
| 10:18 | Build | House |
| 10:21 | Build | House |
| 10:40 | Build | Mining Camp |
| 11:00 | Create | Villager (Male) |
| 12:35 | Build | House |
| 12:37 | Build | House |
| 12:39 | Research | Feudal Age |
| 12:54 | Build | Lumber Camp |
| 12:58 | Create | Villager (Male) |
| 12:58 | Create | Villager (Male) |
| 12:58 | Create | Villager (Male) |
| 14:49 | Age | Feudal Age |
| 14:57 | Build | Market |
| 15:26 | Create | Villager (Male) |
| 16:10 | Build | Blacksmith |
| 16:17 | Create | Villager (Male) |
| 16:45 | Research | Castle Age |
| 16:45 | Research | Castle Age |
| 16:56 | Research | Stone Mining |
| 16:56 | Research | Stone Mining |
| 17:34 | Research | Double-Bit Axe |
| 18:10 | Research | Horse Collar |
| 18:17 | Build | Farm |
| 18:20 | Create | Villager (Male) |
| 19:34 | Age | Castle Age |
| 19:40 | Research | Bow Saw |
| 19:49 | Build | Castle |
| 20:03 | Create | Villager (Male) |
| 20:27 | Build | Stone Wall |
| 20:29 | Build | Stone Wall |
| 20:41 | Build | Gate |
| 21:26 | Build | Gate |
| 21:29 | Build | Stone Wall |
| 21:41 | Create | Villager (Male) |
| 22:01 | Create | Villager (Male) |
| 22:03 | Create | Villager (Male) |
| 22:07 | Build | Town Center |
| 22:45 | Create | Villager (Male) |
| 23:00 | Create | Villager (Male) |
| 23:30 | Build | Town Center |
| 23:32 | Create | Villager (Male) |
| 24:01 | Build | Mining Camp |
| 24:37 | Build | Mining Camp |
| 24:40 | Create | Villager (Male) |
| 24:40 | Create | Villager (Male) |
| 24:41 | Create | Villager (Male) |
| 24:41 | Create | Villager (Male) |
| 24:52 | Create | Villager (Male) |
| 25:09 | Build | Mining Camp |
| 25:13 | Create | Villager (Male) |
| 25:13 | Create | Villager (Male) |
| 25:19 | Build | Farm |
| 25:20 | Build | Farm |
| 25:20 | Build | Farm |
| 25:21 | Build | Farm |
| 25:30 | Create | Villager (Male) |
| 25:32 | Build | Mining Camp |
| 25:35 | Build | Farm |
| 25:38 | Create | Villager (Male) |
| 25:38 | Create | Villager (Male) |
| 25:38 | Create | Villager (Male) |
| 25:54 | Create | Villager (Male) |
| 26:04 | Build | Farm |
| 26:06 | Build | Farm |
| 26:08 | Build | Farm |
| 26:18 | Build | Farm |
| 26:25 | Build | Farm |
| 26:27 | Create | Villager (Male) |
| 26:48 | Create | Villager (Male) |
| 26:48 | Create | Villager (Male) |
| 26:54 | Build | Castle |
| 27:01 | Create | Villager (Male) |
| 27:11 | Create | Villager (Male) |
| 27:11 | Create | Villager (Male) |
| 27:41 | Build | Town Center |
| 27:44 | Create | Villager (Male) |
| 27:45 | Create | Villager (Male) |
| 27:45 | Create | Villager (Male) |
| 27:45 | Create | Villager (Male) |
| 27:52 | Build | Farm |
| 27:53 | Build | Farm |
| 27:54 | Build | Farm |
| 27:55 | Build | Farm |
| 27:57 | Create | Villager (Male) |
| 27:57 | Create | Villager (Male) |
| 28:05 | Create | Villager (Male) |
| 28:15 | Create | Villager (Male) |
| 28:30 | Build | University |
| 28:33 | Create | Villager (Male) |
| 28:33 | Create | Villager (Male) |
| 28:55 | Create | Villager (Male) |
| 28:55 | Create | Villager (Male) |
| 28:58 | Create | Villager (Male) |
| 29:10 | Create | Villager (Male) |
| 29:13 | Build | Farm |
| 29:13 | Build | Farm |
| 29:17 | Build | Farm |
| 29:19 | Create | Villager (Male) |
| 29:19 | Create | Villager (Male) |
| 29:20 | Create | Villager (Male) |
| 29:38 | Create | Villager (Male) |
| 29:39 | Create | Villager (Male) |
| 29:52 | Create | Villager (Male) |
| 29:52 | Create | Villager (Male) |
| 29:54 | Create | Villager (Male) |
| 30:04 | Create | Villager (Male) |
| 30:04 | Create | Villager (Male) |
| 30:07 | Build | Castle |
| 30:23 | Build | Town Center |
| 30:25 | Create | Villager (Male) |
| 30:27 | Research | Wheelbarrow |
| 30:34 | Build | Farm |
| 30:34 | Build | Farm |
| 30:35 | Build | Farm |
Build order — 往生堂堂主
First 150 of 352 actions detected
| 1:55 | Build | Town Center |
| 4:20 | Build | House |
| 4:23 | Build | House |
| 4:25 | Create | Villager (Male) |
| 4:26 | Create | Villager (Male) |
| 4:26 | Create | Villager (Male) |
| 5:57 | Create | Villager (Male) |
| 5:57 | Create | Villager (Male) |
| 5:57 | Create | Villager (Male) |
| 5:58 | Create | Villager (Male) |
| 6:41 | Create | Villager (Male) |
| 7:03 | Build | Mill |
| 7:34 | Create | Villager (Male) |
| 7:45 | Create | Villager (Male) |
| 7:46 | Research | Loom |
| 8:10 | Build | House |
| 8:37 | Create | Villager (Male) |
| 9:21 | Create | Villager (Male) |
| 9:22 | Create | Villager (Male) |
| 10:00 | Create | Villager (Male) |
| 10:48 | Create | Villager (Male) |
| 10:48 | Create | Villager (Male) |
| 11:10 | Build | House |
| 11:44 | Create | Villager (Male) |
| 12:03 | Build | Farm |
| 12:06 | Build | Farm |
| 12:13 | Build | Farm |
| 12:17 | Create | Villager (Male) |
| 13:02 | Build | Farm |
| 13:05 | Create | Villager (Male) |
| 13:34 | Build | House |
| 13:41 | Build | Farm |
| 13:43 | Build | Farm |
| 13:58 | Build | Outpost |
| 14:03 | Build | Farm |
| 14:08 | Build | Farm |
| 14:11 | Build | Farm |
| 14:13 | Build | Farm |
| 14:27 | Build | Mining Camp |
| 14:31 | Build | Farm |
| 14:34 | Create | Villager (Male) |
| 14:46 | Build | Lumber Camp |
| 14:56 | Build | Farm |
| 15:03 | Create | Villager (Male) |
| 15:27 | Research | Feudal Age |
| 17:00 | Build | Barracks |
| 17:21 | Build | Mill |
| 17:28 | Create | Villager (Male) |
| 17:29 | Create | Villager (Male) |
| 17:29 | Create | Villager (Male) |
| 17:38 | Age | Feudal Age |
| 17:40 | Research | Double-Bit Axe |
| 17:48 | Research | Horse Collar |
| 17:54 | Research | Gold Mining |
| 18:17 | Build | Stable |
| 18:43 | Build | House |
| 18:49 | Create | Villager (Male) |
| 19:25 | Research | Bloodlines |
| 19:35 | Build | Farm |
| 19:36 | Create | Villager (Male) |
| 19:37 | Create | Villager (Male) |
| 19:37 | Create | Villager (Male) |
| 19:51 | Build | Blacksmith |
| 19:59 | Create | Scout Cavalry |
| 19:59 | Create | Scout Cavalry |
| 20:00 | Create | Scout Cavalry |
| 20:00 | Create | Scout Cavalry |
| 20:17 | Build | Farm |
| 20:22 | Create | Villager (Male) |
| 20:37 | Research | Scale Barding Armor |
| 20:50 | Build | Farm |
| 20:59 | Build | House |
| 21:11 | Build | Farm |
| 21:15 | Create | Villager (Male) |
| 21:16 | Create | Villager (Male) |
| 21:37 | Build | House |
| 21:41 | Build | Farm |
| 22:00 | Create | Scout Cavalry |
| 22:07 | Build | Farm |
| 22:12 | Create | Villager (Male) |
| 22:21 | Build | Farm |
| 22:31 | Create | Scout Cavalry |
| 22:41 | Build | Stable |
| 22:46 | Research | Forging |
| 23:25 | Build | Outpost |
| 23:31 | Create | Villager (Male) |
| 23:31 | Create | Villager (Male) |
| 23:49 | Create | Scout Cavalry |
| 23:49 | Create | Scout Cavalry |
| 23:49 | Create | Scout Cavalry |
| 24:04 | Build | Stone Wall |
| 24:19 | Build | Farm |
| 24:24 | Build | Farm |
| 24:33 | Create | Villager (Male) |
| 24:33 | Create | Villager (Male) |
| 24:34 | Create | Villager (Male) |
| 24:41 | Build | House |
| 25:00 | Build | Palisade Wall |
| 25:19 | Create | Scout Cavalry |
| 25:19 | Create | Scout Cavalry |
| 25:20 | Create | Scout Cavalry |
| 25:20 | Create | Scout Cavalry |
| 25:20 | Create | Scout Cavalry |
| 25:23 | Build | Farm |
| 25:26 | Create | Villager (Male) |
| 27:01 | Build | Barracks |
| 27:11 | Create | Villager (Male) |
| 27:14 | Research | Castle Age |
| 27:51 | Build | Mining Camp |
| 28:02 | Create | Spearman |
| 28:03 | Create | Spearman |
| 28:03 | Create | Spearman |
| 28:03 | Create | Spearman |
| 28:19 | Build | Barracks |
| 28:23 | Create | Spearman |
| 28:23 | Create | Spearman |
| 28:48 | Create | Spearman |
| 29:54 | Age | Castle Age |
| 30:23 | Create | Villager (Male) |
| 30:41 | Build | Stone Wall |
| 30:48 | Build | Stone Wall |
| 30:59 | Create | Villager (Male) |
| 31:15 | Build | Farm |
| 31:33 | Create | Spearman |
| 31:33 | Create | Spearman |
| 31:33 | Create | Spearman |
| 31:39 | Build | Farm |
| 31:39 | Build | Farm |
| 31:42 | Create | Villager (Male) |
| 31:42 | Create | Villager (Male) |
| 32:00 | Research | Squires |
| 32:15 | Build | Watch Tower |
| 32:22 | Create | Villager (Male) |
| 32:22 | Create | Villager (Male) |
| 32:34 | Build | Town Center |
| 32:39 | Build | Farm |
| 32:43 | Research | Bow Saw |
| 32:53 | Build | Lumber Camp |
| 33:31 | Create | Spearman |
| 33:31 | Create | Spearman |
| 33:32 | Create | Spearman |
| 33:32 | Create | Spearman |
| 33:32 | Create | Spearman |
| 33:32 | Create | Spearman |
| 33:33 | Create | Spearman |
| 33:52 | Research | Stone Mining |
| 35:54 | Build | Town Center |
| 36:18 | Build | Town Center |
| 36:32 | Research | Pikeman (upgrade) |
| 37:00 | Build | Farm |
Build order — 我在异世界疯狂种田
First 150 of 545 actions detected
| 0:24 | Build | Town Center |
| 2:55 | Create | Villager (Male) |
| 2:55 | Create | Villager (Male) |
| 2:56 | Create | Villager (Male) |
| 2:56 | Create | Villager (Male) |
| 2:56 | Create | Villager (Male) |
| 3:06 | Build | House |
| 3:12 | Research | Loom |
| 3:12 | Research | Loom |
| 3:12 | Research | Loom |
| 3:12 | Create | Villager (Male) |
| 3:13 | Create | Villager (Male) |
| 3:29 | Create | Villager (Male) |
| 3:29 | Create | Villager (Male) |
| 3:39 | Build | House |
| 3:45 | Build | House |
| 4:06 | Create | Villager (Male) |
| 4:06 | Create | Villager (Male) |
| 4:46 | Create | Villager (Male) |
| 4:47 | Create | Villager (Male) |
| 5:01 | Build | Mill |
| 5:18 | Create | Villager (Male) |
| 5:18 | Create | Villager (Male) |
| 5:47 | Create | Villager (Male) |
| 6:34 | Create | Villager (Male) |
| 6:35 | Create | Villager (Male) |
| 6:54 | Create | Villager (Male) |
| 6:54 | Create | Villager (Male) |
| 7:34 | Create | Villager (Male) |
| 7:34 | Create | Villager (Male) |
| 7:42 | Create | Villager (Male) |
| 7:50 | Create | Villager (Male) |
| 7:50 | Create | Villager (Male) |
| 8:06 | Create | Villager (Male) |
| 8:17 | Build | House |
| 8:18 | Build | House |
| 8:24 | Create | Villager (Male) |
| 8:54 | Create | Villager (Male) |
| 8:54 | Create | Villager (Male) |
| 9:18 | Create | Villager (Male) |
| 9:19 | Create | Villager (Male) |
| 9:30 | Create | Villager (Male) |
| 9:30 | Create | Villager (Male) |
| 9:35 | Create | Villager (Male) |
| 9:36 | Create | Villager (Male) |
| 9:41 | Build | Lumber Camp |
| 9:54 | Create | Villager (Male) |
| 10:29 | Create | Villager (Male) |
| 10:52 | Build | Mill |
| 11:14 | Create | Villager (Male) |
| 11:18 | Build | Mining Camp |
| 12:01 | Research | Feudal Age |
| 12:01 | Research | Feudal Age |
| 12:37 | Create | Villager (Male) |
| 12:37 | Create | Villager (Male) |
| 14:11 | Age | Feudal Age |
| 14:14 | Build | Market |
| 14:17 | Build | Blacksmith |
| 15:38 | Create | Villager (Male) |
| 15:58 | Research | Castle Age |
| 15:58 | Research | Castle Age |
| 15:58 | Research | Castle Age |
| 17:17 | Research | Double-Bit Axe |
| 17:17 | Research | Double-Bit Axe |
| 17:20 | Research | Horse Collar |
| 17:20 | Research | Horse Collar |
| 17:20 | Research | Horse Collar |
| 17:51 | Create | Villager (Male) |
| 17:52 | Create | Villager (Male) |
| 18:43 | Age | Castle Age |
| 18:46 | Create | Villager (Male) |
| 18:46 | Create | Villager (Male) |
| 19:12 | Build | Town Center |
| 19:14 | Create | Villager (Male) |
| 19:22 | Create | Villager (Male) |
| 19:58 | Build | Castle |
| 20:09 | Build | House |
| 20:27 | Build | Castle |
| 20:48 | Build | Castle |
| 20:58 | Build | House |
| 21:01 | Create | Villager (Male) |
| 21:03 | Create | Villager (Male) |
| 21:16 | Build | Town Center |
| 21:23 | Create | Villager (Male) |
| 21:41 | Create | Villager (Male) |
| 21:54 | Create | Villager (Male) |
| 21:59 | Create | Villager (Male) |
| 22:01 | Create | Villager (Male) |
| 22:12 | Create | Villager (Male) |
| 22:24 | Create | Villager (Male) |
| 22:26 | Create | Villager (Male) |
| 22:36 | Create | Villager (Male) |
| 22:40 | Build | Farm |
| 22:44 | Research | Bow Saw |
| 22:44 | Research | Bow Saw |
| 22:46 | Create | Villager (Male) |
| 22:48 | Build | Farm |
| 22:52 | Build | Farm |
| 22:58 | Create | Villager (Male) |
| 23:02 | Create | Villager (Male) |
| 23:29 | Create | Villager (Male) |
| 23:32 | Create | Villager (Male) |
| 23:44 | Build | Mining Camp |
| 23:46 | Create | Villager (Male) |
| 23:48 | Create | Villager (Male) |
| 23:52 | Create | Villager (Male) |
| 24:01 | Build | Farm |
| 24:02 | Create | Villager (Male) |
| 24:12 | Create | Villager (Male) |
| 24:20 | Create | Villager (Male) |
| 24:30 | Create | Villager (Male) |
| 24:39 | Build | Siege Workshop |
| 24:44 | Create | Villager (Male) |
| 24:46 | Create | Villager (Male) |
| 24:53 | Create | Villager (Male) |
| 25:08 | Build | Castle |
| 25:18 | Create | Villager (Male) |
| 25:19 | Create | Villager (Male) |
| 25:30 | Create | Villager (Male) |
| 25:33 | Create | Villager (Male) |
| 25:37 | Create | Villager (Male) |
| 25:47 | Create | Mangonel |
| 26:06 | Create | Villager (Male) |
| 26:13 | Create | Villager (Male) |
| 26:14 | Create | Villager (Male) |
| 26:15 | Create | Villager (Male) |
| 26:17 | Build | House |
| 26:18 | Build | House |
| 26:55 | Create | Villager (Male) |
| 26:57 | Create | Mangonel |
| 27:07 | Create | Villager (Male) |
| 27:10 | Create | Villager (Male) |
| 27:16 | Create | Villager (Male) |
| 27:17 | Create | Villager (Male) |
| 27:18 | Create | Villager (Male) |
| 27:19 | Create | Villager (Male) |
| 27:19 | Create | Villager (Male) |
| 27:21 | Build | Farm |
| 27:21 | Build | Farm |
| 27:23 | Build | Farm |
| 27:24 | Build | Farm |
| 27:32 | Create | Camel Archer |
| 27:32 | Create | Camel Archer |
| 27:45 | Create | Villager (Male) |
| 27:48 | Create | Villager (Male) |
| 27:48 | Create | Villager (Male) |
| 27:59 | Build | Castle |
| 28:15 | Create | Mangonel |
| 28:15 | Create | Mangonel |
| 28:15 | Create | Mangonel |
Build order —
113 actions detected in the replay
| 0:03 | Build | Town Center |
| 2:40 | Build | Lumber Camp |
| 2:41 | Build | House |
| 3:06 | Research | Tech None |
| 4:47 | Build | Mill |
| 6:34 | Build | House |
| 6:54 | Build | House |
| 7:22 | Build | Farm |
| 8:19 | Build | Farm |
| 9:17 | Build | Farm |
| 9:46 | Build | House |
| 10:02 | Build | House |
| 10:04 | Build | House |
| 10:10 | Build | Farm |
| 10:17 | Build | House |
| 10:20 | Build | House |
| 10:22 | Build | House |
| 10:24 | Build | House |
| 10:49 | Build | Farm |
| 11:27 | Build | Farm |
| 12:09 | Build | Farm |
| 12:27 | Build | House |
| 12:47 | Build | Farm |
| 13:51 | Research | Tech None |
| 13:53 | Build | Mining Camp |
| 14:20 | Build | House |
| 14:33 | Build | House |
| 14:38 | Build | House |
| 14:42 | Build | House |
| 14:44 | Build | House |
| 14:46 | Build | House |
| 14:48 | Build | House |
| 14:51 | Build | House |
| 14:53 | Build | House |
| 15:08 | Build | Lumber Camp |
| 15:20 | Build | Lumber Camp |
| 15:53 | Build | Barracks |
| 16:17 | Research | Tech None |
| 16:18 | Build | Watch Tower |
| 16:41 | Build | House |
| 17:15 | Create | Spearman |
| 17:15 | Build | Archery Range |
| 17:58 | Research | Tech None |
| 18:09 | Create | Archer |
| 18:43 | Research | Tech None |
| 18:52 | Build | House |
| 19:32 | Create | Spearman |
| 20:21 | Build | Blacksmith |
| 20:26 | Build | Blacksmith |
| 20:28 | Build | Blacksmith |
| 20:40 | Create | Skirmisher |
| 20:48 | Build | House |
| 21:00 | Build | Farm |
| 21:23 | Build | Farm |
| 21:28 | Build | House |
| 21:33 | Research | Tech None |
| 21:35 | Build | House |
| 21:43 | Build | Farm |
| 21:55 | Build | Farm |
| 22:07 | Create | Skirmisher |
| 22:07 | Build | House |
| 22:12 | Build | House |
| 22:13 | Build | House |
| 22:40 | Build | Farm |
| 23:44 | Create | Skirmisher |
| 24:12 | Build | Lumber Camp |
| 24:49 | Create | Skirmisher |
| 25:55 | Build | Mill |
| 27:49 | Build | Barracks |
| 28:33 | Build | Barracks |
| 29:20 | Build | Lumber Camp |
| 34:13 | Build | Town Center |
| 35:43 | Build | Mill |
| 35:44 | Build | Farm |
| 37:48 | Create | Skirmisher |
| 39:47 | Build | House |
| 40:52 | Build | House |
| 40:53 | Build | Farm |
| 40:57 | Build | Farm |
| 41:28 | Build | House |
| 42:24 | Build | Lumber Camp |
| 43:26 | Build | House |
| 43:30 | Build | Farm |
| 43:32 | Build | Farm |
| 44:14 | Build | Farm |
| 44:42 | Build | Farm |
| 45:03 | Build | Farm |
| 45:18 | Build | House |
| 45:31 | Build | Farm |
| 45:55 | Build | Farm |
| 46:16 | Build | Farm |
| 46:33 | Build | Farm |
| 47:07 | Build | Farm |
| 47:09 | Build | House |
| 47:27 | Build | Market |
| 47:35 | Build | Lumber Camp |
| 47:48 | Build | Blacksmith |
| 48:31 | Research | Tech None |
| 49:32 | Build | Barracks |
| 50:33 | Create | Spearman |
| 50:49 | Research | Tech None |
| 51:53 | Build | Siege Workshop |
| 51:56 | Build | Siege Workshop |
| 52:27 | Build | Town Center |
| 52:32 | Build | Market |
| 52:32 | Build | Siege Workshop |
| 52:34 | Build | Siege Workshop |
| 52:38 | Build | Siege Workshop |
| 52:41 | Build | Mill |
| 52:43 | Build | Lumber Camp |
| 52:59 | Build | Siege Workshop |
| 52:59 | Build | Town Center |
| 53:02 | Build | Siege Workshop |
Build order —
96 actions detected in the replay
| 0:03 | Build | Town Center |
| 2:51 | Build | Lumber Camp |
| 2:53 | Build | House |
| 3:16 | Research | Tech None |
| 4:57 | Build | Mill |
| 4:58 | Build | House |
| 7:40 | Build | Lumber Camp |
| 9:04 | Build | House |
| 9:05 | Build | Farm |
| 9:44 | Build | Farm |
| 10:12 | Build | Farm |
| 10:18 | Build | Farm |
| 11:03 | Build | Farm |
| 11:27 | Build | House |
| 11:28 | Build | Farm |
| 11:53 | Build | Farm |
| 12:19 | Build | Farm |
| 13:01 | Build | Farm |
| 13:26 | Build | Farm |
| 13:32 | Build | House |
| 14:14 | Research | Tech None |
| 14:22 | Build | Mining Camp |
| 14:56 | Build | Mining Camp |
| 15:29 | Build | Mill |
| 16:32 | Research | Tech None |
| 16:32 | Build | Watch Tower |
| 16:33 | Research | Tech None |
| 17:16 | Research | Tech None |
| 18:12 | Build | House |
| 18:15 | Build | House |
| 20:09 | Build | Market |
| 20:30 | Build | Farm |
| 20:31 | Build | Farm |
| 20:32 | Build | Farm |
| 20:34 | Build | Farm |
| 20:42 | Build | Market |
| 20:46 | Build | Market |
| 21:10 | Build | House |
| 21:20 | Build | Barracks |
| 21:22 | Build | Barracks |
| 21:23 | Build | Barracks |
| 21:24 | Build | Barracks |
| 21:25 | Build | Barracks |
| 21:30 | Build | Barracks |
| 21:32 | Build | Farm |
| 21:39 | Build | Barracks |
| 21:46 | Build | Barracks |
| 21:49 | Build | Barracks |
| 21:50 | Build | Barracks |
| 21:51 | Build | Barracks |
| 21:52 | Build | Barracks |
| 21:53 | Build | Barracks |
| 22:15 | Build | Barracks |
| 22:23 | Build | Barracks |
| 22:25 | Build | Barracks |
| 22:32 | Build | Barracks |
| 22:33 | Build | Barracks |
| 22:40 | Build | Barracks |
| 22:42 | Build | Barracks |
| 22:44 | Build | Barracks |
| 22:45 | Build | Barracks |
| 22:47 | Build | Barracks |
| 22:50 | Build | Barracks |
| 22:51 | Build | Barracks |
| 22:52 | Build | Barracks |
| 22:53 | Build | Barracks |
| 22:54 | Build | Barracks |
| 23:02 | Build | Barracks |
| 23:03 | Build | Barracks |
| 23:04 | Build | Barracks |
| 23:14 | Build | Barracks |
| 23:16 | Build | Barracks |
| 23:18 | Build | Barracks |
| 23:20 | Build | Barracks |
| 23:34 | Build | Market |
| 23:35 | Build | Blacksmith |
| 23:36 | Build | Blacksmith |
| 23:38 | Build | Blacksmith |
| 23:42 | Build | Barracks |
| 23:44 | Build | Barracks |
| 23:45 | Build | Market |
| 23:47 | Build | Blacksmith |
| 23:50 | Build | Market |
| 23:56 | Build | Barracks |
| 24:06 | Build | Blacksmith |
| 24:07 | Build | Barracks |
| 24:08 | Build | Blacksmith |
| 24:11 | Build | Barracks |
| 24:13 | Build | Blacksmith |
| 24:13 | Build | Blacksmith |
| 24:24 | Build | Barracks |
| 24:48 | Build | Market |
| 25:06 | Build | Market |
| 25:08 | Build | Blacksmith |
| 25:12 | Build | Market |
| 25:17 | Build | Market |
Build order —
First 150 of 327 actions detected
| 0:03 | Build | Town Center |
| 2:18 | Build | Lumber Camp |
| 2:20 | Build | House |
| 2:45 | Research | Tech None |
| 4:25 | Build | Mill |
| 5:27 | Build | House |
| 7:25 | Build | Lumber Camp |
| 7:35 | Build | House |
| 8:22 | Build | Farm |
| 8:51 | Build | Farm |
| 9:15 | Build | Farm |
| 9:30 | Build | Farm |
| 9:41 | Build | House |
| 10:01 | Build | Farm |
| 10:20 | Build | Farm |
| 10:37 | Build | Farm |
| 10:54 | Build | Farm |
| 11:15 | Build | Farm |
| 11:40 | Build | Farm |
| 11:42 | Build | Farm |
| 11:48 | Build | House |
| 12:07 | Build | Farm |
| 12:35 | Build | Mining Camp |
| 13:31 | Research | Tech None |
| 13:31 | Build | House |
| 13:32 | Build | Barracks |
| 16:02 | Build | Watch Tower |
| 16:03 | Build | Archery Range |
| 16:04 | Build | Blacksmith |
| 16:41 | Build | Archery Range |
| 16:45 | Research | Tech None |
| 17:17 | Research | Tech None |
| 17:19 | Research | Tech None |
| 17:31 | Build | Farm |
| 17:52 | Build | Farm |
| 18:06 | Research | Tech None |
| 18:35 | Build | Farm |
| 19:03 | Build | House |
| 19:09 | Create | Archer |
| 19:30 | Build | House |
| 19:37 | Create | Archer |
| 19:46 | Build | Farm |
| 19:53 | Build | Archery Range |
| 19:55 | Build | Archery Range |
| 19:59 | Research | Tech None |
| 20:05 | Research | Tech None |
| 20:16 | Create | Archer |
| 20:35 | Create | Archer |
| 20:40 | Create | Skirmisher |
| 20:42 | Research | Tech None |
| 20:48 | Research | Tech None |
| 20:48 | Build | Farm |
| 20:52 | Build | Farm |
| 21:09 | Create | Archer |
| 21:23 | Research | Tech None |
| 21:55 | Create | Archer |
| 21:55 | Build | Town Center |
| 21:57 | Create | Archer |
| 21:57 | Build | Town Center |
| 22:07 | Create | Archer |
| 22:07 | Build | Town Center |
| 22:28 | Research | Tech None |
| 22:31 | Create | Archer |
| 22:36 | Create | Archer |
| 22:49 | Create | Archer |
| 22:55 | Create | Archer |
| 23:06 | Build | Farm |
| 23:15 | Build | Farm |
| 23:21 | Create | Archer |
| 23:34 | Create | Archer |
| 23:52 | Create | Archer |
| 24:26 | Create | Archer |
| 24:36 | Create | Archer |
| 24:38 | Create | Archer |
| 24:49 | Create | Archer |
| 25:01 | Create | Archer |
| 25:05 | Build | Lumber Camp |
| 25:08 | Build | Farm |
| 25:26 | Create | Archer |
| 25:26 | Build | Mining Camp |
| 25:29 | Build | Mining Camp |
| 25:32 | Create | Archer |
| 25:57 | Create | Archer |
| 25:57 | Build | Siege Workshop |
| 25:58 | Build | Farm |
| 25:59 | Build | Farm |
| 26:01 | Research | Tech None |
| 26:25 | Build | Farm |
| 26:31 | Build | Farm |
| 26:47 | Build | Farm |
| 26:49 | Build | Farm |
| 27:02 | Research | Tech None |
| 27:02 | Build | Farm |
| 27:08 | Build | Farm |
| 27:20 | Build | Mining Camp |
| 27:40 | Build | Farm |
| 27:53 | Build | Lumber Camp |
| 27:58 | Build | Monastery |
| 27:58 | Build | Monastery |
| 27:59 | Build | Monastery |
| 27:59 | Build | Monastery |
| 28:00 | Create | Skirmisher |
| 28:06 | Create | Skirmisher |
| 28:12 | Create | Skirmisher |
| 28:14 | Research | Tech None |
| 28:31 | Create | Skirmisher |
| 28:32 | Create | Skirmisher |
| 28:41 | Create | Skirmisher |
| 29:25 | Build | Monastery |
| 29:25 | Build | Monastery |
| 29:28 | Create | Skirmisher |
| 29:38 | Create | Skirmisher |
| 29:48 | Build | Monastery |
| 29:48 | Build | Monastery |
| 29:49 | Build | Monastery |
| 29:49 | Build | Monastery |
| 29:51 | Create | Skirmisher |
| 29:52 | Create | Skirmisher |
| 30:05 | Build | Farm |
| 30:15 | Create | Skirmisher |
| 30:19 | Create | Skirmisher |
| 30:19 | Build | Farm |
| 30:26 | Create | Skirmisher |
| 30:31 | Create | Skirmisher |
| 30:42 | Create | Skirmisher |
| 30:45 | Create | Skirmisher |
| 30:45 | Build | House |
| 30:53 | Build | House |
| 31:03 | Create | Skirmisher |
| 31:05 | Create | Skirmisher |
| 31:22 | Create | Skirmisher |
| 31:35 | Build | Farm |
| 31:41 | Create | Skirmisher |
| 31:46 | Build | House |
| 31:49 | Build | House |
| 31:56 | Build | Lumber Camp |
| 32:12 | Build | Farm |
| 32:14 | Build | House |
| 32:31 | Research | Tech None |
| 32:36 | Create | Skirmisher |
| 32:36 | Build | House |
| 32:42 | Build | Town Center |
| 32:47 | Build | Barracks |
| 32:54 | Create | Skirmisher |
| 32:54 | Build | Farm |
| 33:16 | Build | Siege Workshop |
| 33:17 | Build | House |
| 33:18 | Build | House |
| 33:25 | Create | Skirmisher |
| 33:28 | Create | Skirmisher |
Build order —
First 150 of 890 actions detected
| 0:03 | Build | Town Center |
| 2:00 | Build | House |
| 3:46 | Build | House |
| 5:19 | Build | Lumber Camp |
| 5:50 | Build | House |
| 6:35 | Build | Mill |
| 6:36 | Build | Lumber Camp |
| 7:14 | Build | Farm |
| 7:45 | Build | Farm |
| 7:55 | Research | Tech None |
| 7:56 | Build | House |
| 8:30 | Build | Farm |
| 9:12 | Build | Farm |
| 9:38 | Build | Farm |
| 10:02 | Build | Farm |
| 10:20 | Build | Farm |
| 10:28 | Build | House |
| 10:41 | Build | Farm |
| 11:07 | Build | Mining Camp |
| 11:36 | Build | Farm |
| 12:00 | Build | Farm |
| 12:30 | Build | House |
| 12:32 | Build | Palisade Wall |
| 12:36 | Build | Palisade Wall |
| 12:40 | Build | Palisade Wall |
| 12:43 | Build | Palisade Wall |
| 12:53 | Research | Tech None |
| 13:12 | Build | House |
| 13:55 | Build | Lumber Camp |
| 14:31 | Build | Lumber Camp |
| 14:54 | Build | Farm |
| 15:06 | Build | Farm |
| 15:06 | Build | Market |
| 15:08 | Build | Farm |
| 15:08 | Build | Blacksmith |
| 15:24 | Research | Tech None |
| 15:30 | Build | House |
| 15:45 | Build | Farm |
| 16:14 | Research | Tech None |
| 16:31 | Build | Farm |
| 16:43 | Build | Farm |
| 16:47 | Research | Tech None |
| 18:05 | Build | Farm |
| 18:09 | Build | House |
| 18:44 | Build | House |
| 18:44 | Build | Stone Wall |
| 18:44 | Build | Gate |
| 18:44 | Build | Stone Wall |
| 18:44 | Build | Stone Wall |
| 18:44 | Build | Stone Wall |
| 18:44 | Build | Stone Wall |
| 18:44 | Build | Stone Wall |
| 18:44 | Build | Stone Wall |
| 18:44 | Build | Stone Wall |
| 19:11 | Build | House |
| 19:28 | Research | Tech None |
| 19:28 | Research | Tech None |
| 19:29 | Build | Town Center |
| 19:34 | Build | Town Center |
| 20:21 | Research | Tech None |
| 21:05 | Build | Monastery |
| 21:20 | Build | Farm |
| 21:25 | Build | Farm |
| 21:35 | Build | Farm |
| 21:54 | Research | Tech None |
| 21:56 | Create | Monk |
| 21:57 | Build | Farm |
| 21:58 | Build | Farm |
| 22:16 | Build | Castle |
| 22:19 | Build | Farm |
| 22:21 | Build | Farm |
| 22:25 | Build | Farm |
| 22:45 | Build | Farm |
| 22:52 | Build | Farm |
| 23:13 | Build | Farm |
| 23:15 | Build | House |
| 23:16 | Build | House |
| 23:23 | Create | Monk |
| 23:24 | Build | Farm |
| 23:28 | Build | Farm |
| 23:39 | Research | Tech None |
| 23:42 | Build | Farm |
| 23:47 | Build | Farm |
| 23:54 | Build | House |
| 24:02 | Build | Lumber Camp |
| 24:13 | Build | Farm |
| 24:19 | Build | Farm |
| 24:24 | Build | Farm |
| 24:25 | Build | House |
| 24:31 | Create | Boyar |
| 24:34 | Build | Farm |
| 24:40 | Build | Farm |
| 24:46 | Build | Farm |
| 24:48 | Create | Boyar |
| 24:53 | Build | Farm |
| 25:02 | Build | Farm |
| 25:04 | Build | House |
| 25:07 | Create | Boyar |
| 25:11 | Build | Lumber Camp |
| 25:19 | Build | Farm |
| 25:25 | Create | Boyar |
| 25:38 | Create | Boyar |
| 25:49 | Research | Tech None |
| 25:54 | Build | Farm |
| 25:56 | Create | Boyar |
| 25:57 | Research | Tech None |
| 26:07 | Build | Farm |
| 26:08 | Research | Tech None |
| 26:09 | Build | Mill |
| 26:11 | Create | Boyar |
| 26:11 | Build | Farm |
| 26:21 | Build | Farm |
| 26:26 | Create | Boyar |
| 26:29 | Build | Farm |
| 26:41 | Create | Boyar |
| 26:48 | Build | Farm |
| 26:58 | Create | Boyar |
| 27:05 | Build | Barracks |
| 27:18 | Build | Farm |
| 27:30 | Research | Tech None |
| 27:30 | Build | University |
| 27:40 | Create | Boyar |
| 27:47 | Build | Barracks |
| 27:50 | Build | Farm |
| 27:53 | Build | House |
| 27:54 | Build | House |
| 28:01 | Build | Barracks |
| 28:06 | Create | Spearman |
| 28:16 | Build | Farm |
| 28:19 | Create | Boyar |
| 28:25 | Build | Farm |
| 28:29 | Build | Archery Range |
| 28:44 | Research | Tech None |
| 28:49 | Create | Spearman |
| 28:50 | Build | Stone Wall |
| 28:54 | Research | Tech None |
| 29:05 | Build | Farm |
| 29:10 | Research | Tech None |
| 29:10 | Build | Farm |
| 29:12 | Create | Boyar |
| 29:13 | Research | Tech None |
| 29:22 | Build | Mill |
| 29:32 | Research | Tech None |
| 29:37 | Create | Boyar |
| 29:38 | Build | Archery Range |
| 29:49 | Research | Tech None |
| 30:04 | Build | Barracks |
| 30:23 | Build | Barracks |
| 30:28 | Build | Lumber Camp |
| 30:45 | Build | Mining Camp |
Match timeline
| 1:14 | 嘉曼.扎比 · wall_segment Palisade Wall x1 |
| 1:38 | 嘉曼.扎比 · wall_segment Palisade Wall x1 |
| 1:46 | 嘉曼.扎比 · wall_segment Palisade Wall x1 |
| 1:49 | 嘉曼.扎比 · wall_segment Palisade Wall x1 |
| 6:35 | Jake · wall_segment Palisade Wall x1 |
| 6:37 | Jake · wall_segment Palisade Wall x1 |
| 12:32 | · wall_segment Palisade Wall x2 |
| 12:36 | · wall_segment Palisade Wall x2 |
| 12:39 | Jake · first_building Barracks |
| 12:40 | · wall_segment Palisade Wall x2 |
| 12:43 | · wall_segment Palisade Wall x2 |
| 13:30 | Jake · age_up feudal |
| 13:32 | · first_building Barracks |
| 14:11 | 我在异世界疯狂种田 · age_up feudal |
| 14:49 | 嘉曼.扎比 · age_up feudal |
| 15:15 | 我在异世界疯狂种田 · first_market_sell 100 wood |
| 15:19 | 我在异世界疯狂种田 · first_market_buy 100 food |
| 15:53 | · first_building Barracks |
| 16:03 | · first_building Archery Range |
| 16:37 | 嘉曼.扎比 · first_market_sell 100 stone |
| 17:00 | 往生堂堂主 · first_building Barracks |
| 17:15 | · first_building Archery Range |
| 17:38 | 往生堂堂主 · age_up feudal |
| 18:17 | 往生堂堂主 · first_building Stable |
| 18:31 | · first_market_sell 100 food |
| 18:43 | 我在异世界疯狂种田 · age_up castle |
| 19:34 | 嘉曼.扎比 · age_up castle |
| 19:49 | 嘉曼.扎比 · first_building Castle |
| 19:58 | 我在异世界疯狂种田 · first_building Castle |
| 20:27 | 嘉曼.扎比 · wall_segment Stone Wall x1 |
| 20:29 | 嘉曼.扎比 · wall_segment Stone Wall x1 |
| 21:05 | · first_building Monastery |
| 21:20 | · first_building Barracks |
| 21:29 | 嘉曼.扎比 · wall_segment Stone Wall x1 |
| 22:16 | · first_building Castle |
| 23:54 | · first_market_buy 100 stone |
| 24:04 | 往生堂堂主 · wall_segment Stone Wall x15 |
| 24:39 | 我在异世界疯狂种田 · first_building Siege Workshop |
| 25:00 | 往生堂堂主 · wall_segment Palisade Wall x8 |
| 25:57 | · first_building Siege Workshop |
| 27:05 | · first_building Barracks |
| 27:35 | Jake · age_up castle |
| 27:55 | Jake · first_building Castle |
| 27:58 | · first_building Monastery |
| 28:29 | · first_building Archery Range |
| 28:50 | · wall_segment Stone Wall x9 |
| 29:32 | Jake · first_building Siege Workshop |
| 29:54 | 往生堂堂主 · age_up castle |
| 30:07 | Jake · first_market_sell 100 food |
| 30:41 | 往生堂堂主 · wall_segment Stone Wall x11 |
| 30:48 | 往生堂堂主 · wall_segment Stone Wall x2 |
| 31:49 | · first_building Siege Workshop |
| 32:16 | · first_building Stable |
| 32:44 | 嘉曼.扎比 · first_building Barracks |
| 35:29 | 我在异世界疯狂种田 · first_building Barracks |
| 36:29 | 我在异世界疯狂种田 · first_building Stable |
| 36:33 | · first_building Stable |
| 36:50 | 我在异世界疯狂种田 · first_building Archery Range |
| 37:46 | 我在异世界疯狂种田 · age_up imperial |
| 40:20 | 嘉曼.扎比 · age_up imperial |
| 42:16 | 往生堂堂主 · wall_segment Stone Wall x12 |
| 44:27 | Jake · first_market_buy 100 food |
| 45:05 | 往生堂堂主 · wall_segment Stone Wall x3 |
| 46:06 | 往生堂堂主 · wall_segment Stone Wall x7 |
| 47:30 | Jake · first_building Monastery |
| 47:38 | Jake · age_up imperial |
| 50:01 | 往生堂堂主 · first_building Monastery |
| 51:53 | · first_building Siege Workshop |
| 52:49 | 嘉曼.扎比 · first_building Siege Workshop |
| 52:52 | Jake · first_building Stable |
| 53:18 | 往生堂堂主 · first_building Castle |
| 55:10 | · first_market_buy 100 wood |
| 55:22 | · resign |
[ AI ANALYSIS · 1 CREDIT ]
What really happened in this match?
Wolo.gg analyzes every decision: build order, eco, micro, common mistakes by bracket. Personalized analysis on WhatsApp or Discord in 30 seconds.
Civ guide
Celts
Perfil
Jugador #897930